 Dungeon Crawl Stone Soup version 0.18.0-2-g198d6d4 (webtiles) character file.

102 juanjsm the Sneak (level 4, -3/21 HPs)
             Began as a Spriggan Enchanter on May 5, 2016.
             Slain by an orc wizard
             ... wielding a +0 dagger
              (5 damage)
             ... on level 3 of the Dungeon.
             The game lasted 00:06:36 (2341 turns).

juanjsm the Sneak (Spriggan Enchanter)              Turns: 2341, Time: 00:06:37

Health: -3/21      AC:  3    Str:  4    XL:     4   Next: 49%
Magic:  2/9        EV: 19    Int: 17    God:
Gold:   73         SH:  0    Dex: 16    Spells: 3 memorised, 3 levels left

rFire  + . .     SeeInvis +     a - +1 dagger
rCold  . . .     Gourm    .     b - +1 robe
rNeg   . . .     Faith    .     (shield restricted)
rPois  .         Spirit   .     (helmet restricted)
rElec  .         Dismiss  .     (no cloak)
rCorr  .         Reflect  .     (gloves unavailable)
SustAt .         Harm     .     (boots unavailable)
MR     .....                    i - amulet of magic regeneration
Stlth  ++++......               (no ring)
                                o - ring of protection from fire

@: very slightly contaminated, slowed, quick, not resistant to hostile
enchantments, stealthy
A: unfitting armour, see invisible, herbivore 3, speed 3, slow metabolism 2
a: no special abilities


You were on level 3 of the Dungeon.
You were not hungry.

You visited 1 branch of the dungeon, and saw 3 of its levels.

You collected 73 gold pieces.

Inventory:

Hand Weapons
 a - a +1 dagger (weapon)
Armour
 b - a +1 robe (worn)
Jewellery
 i - an amulet of magic regeneration (around neck)
 o - a ring of protection from fire (left hand)
Scrolls
 e - 2 scrolls of identify {unknown}
 g - 2 scrolls of random uselessness {unknown}
 k - 2 scrolls of teleportation {unknown}
 p - 2 scrolls of enchant armour {unknown}
 q - a scroll of immolation {unknown}
Potions
 f - a potion of haste {unknown}
 h - a potion of degeneration {unknown}
 j - a potion of heal wounds {unknown}
 m - a potion of lignification {unknown}
 n - a potion of curing {unknown}
Books
 c - a book of Maledictions

   Spells                             Type                      Level
   a - Corona                         Hexes                        1
   b - Ensorcelled Hibernation        Hexes/Ice                    2
   c - Confuse                        Hexes                        3
   d - Tukima's Dance                 Hexes                        3
   e - Dazzling Spray                 Conjuration/Hexes            3
Comestibles
 d - a bread ration
 l - a slice of pizza


   Skills:
 + Level 0.2 Fighting
 + Level 1.1 Short Blades
 + Level 3.6 Dodging
 + Level 5.7 Stealth
 + Level 3.3 Spellcasting
 + Level 4.6 Hexes
 + Level 1.0 Ice Magic


You had 3 spell levels left.
You knew the following spells:

 Your Spells              Type           Power        Failure   Level  Hunger
a - Corona                Hex            ###....      2%          1    None
b - Ensorcelled Hibernat  Hex/Ice        ##....       10%         2    ##.....
c - Confuse               Hex            ###.....     10%         3    ###....


Dungeon Overview and Level Annotations

Branches:
Dungeon (3/15)

Altars:
Elyvilon
Vehumet


Innate Abilities, Weirdness & Mutations

You are tiny and cannot use many weapons and most armour.
You have supernaturally acute eyesight.
You are a herbivore.
You cover ground extremely quickly.
You need consume almost no food.


Message History

You impale the orc!!
You kill the orc!
The orc wizard closely misses you. The orc wizard casts a spell at you.
You feel yourself slow down.
The orc wizard points at you and mumbles some strange words.
The magic dart hits you!
* * * LOW HITPOINT WARNING * * *
A quokka comes into view.
The orc wizard points at you and mumbles some strange words.
The magic dart hits you!
* * * LOW HITPOINT WARNING * * *
Casting: Ensorcelled Hibernation
Confirm with . or Enter, or press ? or * to list all spells.
Aiming: Confuse
Press: ? - help, Shift-Dir - straight line, f - orc wizard
Aim: an orc wizard, wielding a dagger and wearing a robe (fast, chance to defeat MR: 49%)
The orc wizard resists with some effort.
The orc wizard hits you with a dagger.
You die...

#.###(#.......#
.........##..#
###########..#
..........#
###########.#
......o...o.#
##########..#
##.#.############..#
.......r@o.........#
##.##.############.#
.. #.# ## #.# .# .#
.#


You could see an orc wizard and a quokka.

Vanquished Creatures
  An orc wizard (D:3)
  2 adders (D:2)
  A dart slug (D:2)
  2 orcs (D:3)
  3 bats
  2 giant cockroaches (D:1)
  4 goblins
  8 hobgoblins
  6 jackals (D:2)
  3 kobolds (D:1)
  2 quokkas
  A ball python (D:3)
  6 giant newts
  10 rats
51 creatures vanquished.

Notes
Turn   | Place    | Note
--------------------------------------------------------------
     0 | D:1      | juanjsm the Spriggan Enchanter began the quest for the Orb.
     0 | D:1      | Reached XP level 1. HP: 9/9 MP: 5/5
    10 | D:2      | Found a radiant altar of Vehumet.
   539 | D:1      | Reached XP level 2. HP: 13/13 MP: 6/6
   543 | D:1      | Learned a level 2 spell: Ensorcelled Hibernation
  1410 | D:2      | Reached skill level 5 in Stealth
  1436 | D:2      | Reached XP level 3. HP: 13/16 MP: 0/8
  1860 | D:2      | Reached skill level 1 in Ice Magic
  1879 | D:2      | Found a white marble altar of Elyvilon.
  1923 | D:3      | Learned a level 3 spell: Confuse
  2191 | D:3      | Reached XP level 4. HP: 21/21 MP: 6/9
  2341 | D:3      | Slain by an orc wizard

Skill      XL: |  1  2  3 |
---------------+----------+-----
Hexes          | 4 |  4.6
Spellcasting   | 3 |  3.3
Stealth        | 5 |  5.7
Ice Magic      | 1 |  1.0
Fighting       | |  0.2
Short Blades   | |  1.1
Dodging        | |  3.6

Action                   |  1- 3 |  4- 6 || total
-------------------------+-------+-------++-------
Melee: Dagger            |    80 |    10 ||    90
 Cast: Corona            |     5 |       ||     5
       Ensorcelled Hiber |    16 |     6 ||    22
       Confuse           |       |     1 ||     1
 Stab: Sleeping          |    29 |     5 ||    34
       Distracted        |     2 |       ||     2
Armor: Robe              |     4 |     1 ||     5
Dodge: Dodged            |    46 |     6 ||    52
